 Dungeon Crawl Stone Soup version 0.26.1-2-gb8aa6d0cf2 (webtiles) character file.

Game seed: 6607029550436501132

15406 funkygono the Frost Mage (level 12, -2/66 HPs)
             Began as a Gargoyle Ice Elementalist on Feb 10, 2021.
             Was a Priest of Vehumet.
             Slain by Urug
             ... wielding a +1 battleaxe
              (20 damage)
             ... on level 2 of the Lair of Beasts on Feb 11, 2021.
             The game lasted 00:47:44 (14916 turns).

funkygono the Frost Mage (GrIE)                    Turns: 14916, Time: 00:47:44

Health: -2/66      AC: 31    Str: 15    XL:     12   Next: 26%
Magic:  23/26      EV: 10    Int: 18    God:    Vehumet [***...]
Gold:   971        SH:  0    Dex: 10    Spells: 17/32 levels left

rFire    + . .     SeeInvis +   M - +1 whip (elec)
rCold    . . .     Faith    .   (no shield)
rNeg     + . .     Spirit   .   X - +5 scale mail of Calculation {rF+}
rPois    ∞         Reflect  .   d - +2 hat
rElec    +         Harm     .   (no cloak)
rCorr    .         Rampage  .   (no gloves)
Will     +....                  H - +2 pair of boots
Stlth    +.........             j - amulet of magic regeneration
HPRegen  0.21/turn              G - ring of see invisible
MPRegen  0.45/turn              W - ring of willpower

@: icy armour, frozen ramparts
A: negative energy resistance 1, electricity resistance, unbreathing,
petrification resistance, miasma immunity, AC +8
a: Renounce Religion


You were on level 2 of the Lair of Beasts.
You worshipped Vehumet.
Vehumet was most pleased with you.
You visited 3 branches of the dungeon, and saw 14 of its levels.
You also visited: Ice Cave.

You collected 971 gold pieces.

Inventory:

Hand Weapons
 M - a +1 whip of electrocution (weapon)
Missiles
 i - 571 stones
Armour
 d - a +2 hat (worn)
 H - a +2 pair of boots (worn)
 K - the +8 orange crystal plate armour {Archmagi, Int+3 Clar}
   (You found it on level 7 of the Dungeon)

   It affects your intelligence (+3).
   It protects you against confusion.
 R - +2 swamp dragon scales
 X - the +5 scale mail of Calculation (worn) {rF+}
   (You found it on level 10 of the Dungeon)

   It protects you from fire.
Magical Staves
 T - an uncursed staff of conjuration
Jewellery
 e - an uncursed ring of wizardry
 j - an amulet of magic regeneration (around neck)
 w - an uncursed ring of wizardry
 G - a ring of see invisible (left hand)
 W - a ring of willpower (right hand)
Wands
 o - a wand of acid (9)
 p - a wand of flame (98)
 s - a wand of iceblast (6)
 J - a wand of disintegration (10)
 L - a wand of digging (3)
Scrolls
 f - 4 scrolls of magic mapping
 h - 6 scrolls of identify
 q - 2 scrolls of fog
 v - 5 scrolls of teleportation
 B - 2 scrolls of remove curse
 C - 2 scrolls of blinking
Potions
 a - a potion of brilliance
 b - 3 potions of ambrosia
 l - 4 potions of curing
 m - 3 potions of might
 n - 2 potions of mutation
 r - a potion of heal wounds
 t - a potion of resistance
 x - a potion of invisibility
 E - 2 potions of magic
 N - a potion of berserk rage
 V - 2 potions of flight


   Skills:
 + Level 3.8 Fighting
 + Level 5.3 Maces & Flails
 * Level 7.8 Armour
 + Level 3.1 Dodging
 - Level 3.0 Stealth
 * Level 10.6 Spellcasting
 * Level 5.1 Conjurations
 * Level 11.7 Ice Magic


You had 17 spell levels left.
You knew the following spells:

 Your Spells              Type           Power        Failure   Level
a - Freeze                Ice            100%         1%          1
b - Frozen Ramparts       Ice            100%         1%          3
c - Ozocubu's Armour      Ice            51%          1%          3
d - Hailstorm             Conj/Ice       39%          2%          4
e - Magic Dart            Conj           100%         1%          1
f - Ignite Poison         Fire/Tmut/Pois 9%           19%         3

Your spell library contained the following spells:

 Spells                   Type           Power        Failure   Level
 Sandblast                Erth           18%          7%          1
 Stone Arrow              Conj/Erth      36%          7%          3
 Ice Form                 Ice/Tmut       30%          22%         4
 Summon Ice Beast         Ice/Summ       30%          22%         4
 Beastly Appendage        Tmut           18%          24%         1
 Passwall                 Tmut/Erth      7%           36%         2
 Wereblood                Tmut           9%           36%         2
 Metabolic Englaciation   Hex/Ice        15%          52%         5
 Confusing Touch          Hex            9%           58%         3
 Gell's Gravitas          Tloc           4%           58%         3
 Spider Form              Tmut/Pois      4%           58%         3
 Lee's Rapid Deconstruct  Erth           4%           82%         5
 Yara's Violent Unravell  Hex/Tmut       4%           82%         5
 Petrify                  Tmut/Erth      9%           94%         4
 Blade Hands              Tmut           4%           100%        5


Dungeon Overview and Level Annotations

Branches:
Dungeon (11/15)            Temple (1/1) D:6            Lair (2/6) D:11
    Orc (0/2) D:11          IceCv (visited)
  Swamp: Lair:2-4    Shoals: Lair:2-4     Snake: Lair:2-4    Spider: Lair:2-4

Altars:
Ashenzari
Cheibriados
Dithmenos
Elyvilon
Fedhas
Gozag
Hepliaklqana
Kikubaaqudgha
Makhleb
Nemelex Xobeh
Okawaru
Qazlal
Ru
Sif Muna
Trog
Uskayaw
Vehumet
Wu Jian
Xom
Yredelemnul
Zin
The Shining One
Beogh

Shops:
D:11 }

Annotations:
Lair:2 Urug


Innate Abilities, Weirdness & Mutations

You are resistant to torment.
Your stone body is resilient. (AC +8)
You are immune to poison.
You resist negative energy. (rN+)
You are resistant to electric shocks. (rElec)
You can survive without breathing.
You are immune to petrification.
You are immune to miasma.


Message History

You hit Urug but do no damage.
Urug is lightly wounded.
The wall freezes Urug!
Urug hits you with a +1 battleaxe.
* * * LOW HITPOINT WARNING * * *
You hit Urug. Lightning courses through Urug!
Urug is heavily wounded.
You closely miss Urug.
Urug is heavily wounded.
The wall freezes Urug.
Urug hits you with a +1 battleaxe.
* * * LOW HITPOINT WARNING * * *
Casting: Frozen Ramparts (safe; 1% risk of failure)
Confirm with . or Enter, or press ? or * to list all spells.
A film of ice covers your body!
The wall freezes Urug!
Urug hits you but does no damage.
You hit Urug.
Urug is severely wounded.
You barely miss Urug.
Urug is severely wounded.
The wall freezes Urug!
Urug hits you with a +1 battleaxe!!
You die...

.................................
.................................
...............................
....................#..........
.............#................#
...#.##............##.#...... .
..#†......(.......##...#.......
..†.8.##..#....##....>.#.#.....
..##.....#....#(@o.............
..##....####.#....(#..#........
..###......).....###.......#...
h###......8....###..#...##.# .
.....#........## .......# ...
......#.8...8.# ........?. ...
.....##....... #...#.#..#. ...
..###.....8... #.....#.#. ... .##
......


You could see Urug.

Vanquished Creatures
  A hydra (Lair:2)
  A two-headed ogre (D:7)
  An unseen horror (D:11)
  Pikel (D:7)
  A centaur zombie (D:10)
  An elephant (D:11)
  Maggie (D:8)
  Psyche (D:8)
  4 komodo dragons
  A troll (D:11)
  2 hornets
  3 blink frogs (Lair:2)
  3 wyverns
  A vampire (D:11)
  5 basilisks
  A steam dragon (D:9)
  Grum (D:8)
  18 yaks
  5 water moccasins
  4 sky beasts
  A phantom (D:5)
  An eye of draining (D:10)
  8 orc warriors
  A black bear (D:11)
  2 ogres
  8 wolves
  3 centaurs
  3 lemures (D:7)
  11 bullfrogs
  A water moccasin zombie (D:7)
  2 scorpions
  4 killer bees (D:6)
  8 wights
  An electric eel (Lair:2)
  A bullfrog zombie (D:10)
  9 orc priests
  7 hounds
  2 jellies
  4 orc wizards
  An iguana (D:6)
  Natasha (thrice) (D:3)
  8 worker ants
  A hound zombie (D:5)
  A worker ant zombie (D:5)
  11 adders
  2 shadow imps
  2 white imps
  6 ufetubi
  An ooze (D:2)
  2 adder skeletons
  A worm (D:3)
  A dart slug (D:2)
  9 leopard geckos
  35 orcs
  5 ball pythons
  8 bats
  10 giant cockroaches
  9 goblins
  5 hobgoblins
  6 jackals
  4 quokkas
  4 frilled lizards
  4 kobolds
  A quokka zombie (D:6)
  9 rats
282 creatures vanquished.

Vanquished Creatures (others)
  A white imp (IceCv)
  3 ufetubi (IceCv)
  5 fungi (Lair:2)
  3 plants (Lair:2)
12 creatures vanquished.

Grand Total: 294 creatures vanquished

Notes
Turn   | Place    | Note
-------+----------+-------------------------------------------
     0 | D:1      | funkygono the Gargoyle Ice Elementalist began the quest for
                  | the Orb.
     0 | D:1      | Reached XP level 1. HP: 10/10 MP: 3/3
   427 | D:1      | Reached XP level 2. HP: 15/15 MP: 3/5
  1148 | D:2      | Reached XP level 3. HP: 14/19 MP: 4/6
  1308 | D:2      | Found a snail-covered altar of Cheibriados.
  1493 | D:2      | Learned a level 3 spell: Frozen Ramparts
  1497 | D:2      | Learned a level 3 spell: Ozocubu's Armour
  1677 | D:2      | Reached XP level 4. HP: 24/24 MP: 5/8
  2115 | D:3      | Found a sacrificial altar of Ru.
  2132 | D:3      | Reached skill level 5 in Ice Magic
  2218 | D:3      | Reached XP level 5. HP: 28/28 MP: 5/9
  2319 | D:3      | Noticed Natasha
  2324 | D:3      | Killed Natasha
  2386 | D:3      | Noticed Natasha
  2391 | D:3      | Killed Natasha
  2392 | D:3      | Reached skill level 1 in Maces & Flails
  2502 | D:3      | Noticed Natasha
  2510 | D:3      | Killed Natasha
  2744 | D:3      | Reached XP level 6. HP: 28/32 MP: 7/11
  3189 | D:4      | You fall into a shaft and drop 2 floors!
  3197 | D:5      | Entered Level 5 of the Dungeon
  3201 | D:5      | Found a sparkling altar of Nemelex Xobeh.
  4163 | D:4      | Learned a level 4 spell: Hailstorm
  4306 | D:5      | Noticed a sky beast
  4311 | D:5      | Killed a sky beast
  4312 | D:5      | Reached skill level 1 in Fighting
  4312 | D:5      | Reached skill level 1 in Armour
  4312 | D:5      | Reached skill level 6 in Ice Magic
  4312 | D:5      | Reached XP level 7. HP: 34/38 MP: 7/13
  4626 | D:5      | Found a glowing golden altar of the Shining One.
  4806 | D:5      | Reached skill level 5 in Spellcasting
  5200 | D:6      | Found a staircase to the Ecumenical Temple.
  5212 | Temple   | Entered the Ecumenical Temple
  5472 | Temple   | Became a worshipper of Vehumet
  5676 | D:6      | Reached XP level 8. HP: 40/43 MP: 15/15
  5694 | D:6      | Noticed a yak
  5696 | D:6      | Noticed a yak
  5699 | D:6      | Noticed a yak
  5699 | D:6      | Noticed a yak
  5699 | D:6      | Noticed a yak
  5724 | D:6      | Noticed a yak
  5724 | D:6      | Killed a yak
  5732 | D:6      | Killed a yak
  5732 | D:6      | Killed a yak
  5733 | D:6      | Reached skill level 7 in Ice Magic
  5737 | D:6      | Killed a yak
  5742 | D:6      | Killed a yak
  5745 | D:6      | Killed a yak
  5746 | D:6      | Reached XP level 9. HP: 29/48 MP: 5/18
  6440 | D:6      | Reached skill level 8 in Ice Magic
  6675 | D:7      | Found the +8 orange crystal plate armour {Archmagi, Int+3
                  | Clar}
  6848 | D:7      | Reached * piety under Vehumet
  6848 | D:7      | Offered knowledge of Magic Dart by Vehumet.
  6851 | D:7      | Learned a level 1 spell: Magic Dart
  7130 | D:7      | Noticed Pikel
  7138 | D:7      | Killed Pikel
  7139 | D:7      | Reached skill level 1 in Conjurations
  7668 | D:8      | Noticed Grum
  7682 | D:8      | Killed Grum
  7690 | D:8      | Noticed Psyche
  7692 | D:8      | Reached skill level 9 in Ice Magic
  7693 | D:8      | Reached XP level 10. HP: 25/54 MP: 17/21
  7700 | D:8      | Killed Psyche
  7911 | D:8      | Noticed Maggie
  7923 | D:8      | Killed Maggie
  7957 | D:8      | Reached skill level 5 in Armour
  8165 | D:8      | Noticed a two-headed ogre
  8440 | D:7      | Killed a two-headed ogre
  8689 | D:8      | Found an opulent altar of Gozag.
  8842 | D:8      | Found a stormy altar of Qazlal.
  8842 | D:8      | Found a burning altar of Makhleb.
  9778 | D:9      | Found an iron altar of Okawaru.
 10114 | D:9      | Reached skill level 10 in Ice Magic
 10388 | D:10     | Entered Level 10 of the Dungeon
 10747 | D:10     | Reached XP level 11. HP: 60/60 MP: 3/24
 11135 | D:10     | Got a citrine-encrusted scale mail
 11301 | D:10     | Reached ** piety under Vehumet
 11301 | D:10     | Offered knowledge of Shock by Vehumet.
 11450 | D:10     | Identified the +5 scale mail of Calculation {rF+} (You
                  | found it on level 10 of the Dungeon)
 11631 | D:11     | Found a frozen archway.
 11638 | IceCv    | Entered an ice cave
 11892 | D:11     | Found a staircase to the Lair.
 12252 | D:11     | Found a staircase to the Orcish Mines.
 12341 | D:11     | Killed an unseen horror
 12444 | D:11     | Offered knowledge of Mephitic Cloud by Vehumet.
 12478 | D:11     | Reached *** piety under Vehumet
 12542 | D:11     | Found a roughly hewn altar of Beogh.
 12655 | D:11     | Reached skill level 10 in Spellcasting
 12658 | D:11     | Reached skill level 11 in Ice Magic
 12681 | D:11     | Found Ryaho's Gadget Shoppe.
 12758 | D:11     | Found a roughly hewn altar of Beogh.
 13095 | Lair:1   | Entered Level 1 of the Lair of Beasts
 13458 | Lair:1   | Offered knowledge of Ignite Poison by Vehumet.
 13695 | Lair:1   | Learned a level 3 spell: Ignite Poison
 14254 | Lair:2   | Reached skill level 5 in Maces & Flails
 14347 | Lair:2   | Reached XP level 12. HP: 66/66 MP: 24/26
 14624 | Lair:2   | Reached skill level 5 in Conjurations
 14882 | Lair:2   | Noticed a five-headed hydra
 14896 | Lair:2   | Noticed Urug
 14896 | Lair:2   | Killed a five-headed hydra
 14916 | Lair:2   | Slain by Urug

Illustrated notes

Levels and vault maps discovered:
D:1:      sevenhm_arrival_forest_fort_large_4, layout_rooms,
          hangedman_abyss_or_decor_lesser_grid
D:2:      layout_basic, cheibriados_altar_1
D:3:      layout_loops_ring, lemuel_round_altar, dk_vineyard_1, uniq_natasha
D:4:      layout_rooms, grunt_ministairs_1
D:5:      layout_cave_pools, nemelex_xobeh_ov_fountains_minmay,
          nicolae_tso_carved_into_rock
D:6:      layout_loops_cross, minmay_temple_entry_waves
D:7:      layout_loops_ring, uniq_pikel
D:8:      layout_layer_cave, gammafunk_temple_overflow_wave,
          lemuel_crystal_altar, uniq_grum, uniq_maggie, uniq_psyche
D:9:      layout_roguey, kennysheep_mini_moat, grunt_decor_arrowhead
D:10:     layout_cave_pods
D:11:     layout_basic, david_lair_generic, minmay_orc_entry_temple_small,
          portal_ice_cave_entry_pillars_1, special_room [special_room_orc],
          serial_shops, shop
Temple:   dpeg_chambers_temple
Lair:1:   layout_small_grid, minmay_stone_trees_medium, lemuel_fruit_tree
Lair:2:   layout_layer_cave, minmay_shoals_entry_hut, grunt_megastairs_4,
          serial_bayou_shore_b, minmay_lair_oklob_chamber, uniq_urug

Skill      XL: |  1  2  3  4  5  6  7  8  9 10 11 12 |
---------------+-------------------------------------+-----
Spellcasting   | 3 4 5 6 7 9 10 | 10.6
Ice Magic      | 5 6 7 9 10 11 | 11.7
Maces & Flails | 1 2 3 4 5 |  5.3
Fighting       | 1 2 3 |  3.8
Armour         | 1 2 3 4 6 7 |  7.8
Dodging        | 2 3 |  3.1
Conjurations   | 2 3 4 5 |  5.1
Stealth        | 3 |  3.0

Action                   |  1- 3 |  4- 6 |  7- 9 | 10-12 || total
-------------------------+-------+-------+-------+-------++-------
Melee: Unarmed           |    20 |       |       |     9 ||    29
       Club              |    24 |     3 |       |       ||    27
       Whip              |       |    86 |   279 |   364 ||   729
 Cast: Freeze            |    52 |    37 |    13 |     9 ||   111
       Ozocubu's Armour  |     1 |     7 |    14 |    22 ||    44
       Frozen Ramparts   |       |    12 |    36 |    68 ||   116
       Hailstorm         |       |       |     6 |    20 ||    26
  Use: Scroll            |       |    10 |     9 |    13 ||    32
       Potion            |       |       |     1 |     1 ||     2
 Stab: Sleeping          |     1 |     4 |       |       ||     5
Armor: Robe              |    26 |    20 |       |       ||    46
       Leather armour    |       |    23 |    92 |     7 ||   122
       Crystal plate arm |       |       |   109 |       ||   109
       Swamp dragon scal |       |       |       |   108 ||   108
       Scale mail        |       |       |       |   141 ||   141
Dodge: Dodged            |    46 |    56 |   133 |   176 ||   411
